 Dungeon Crawl Stone Soup version 0.30.1-11-g7821555f0a (webtiles) character file.

Game seed: 3146717934176481245

5407 lonewolfV2 the Cleaver (level 10, 0/83 HPs)
             Began as a Formicid Fighter on Dec 1, 2023.
             Was a High Priest of Jiyva.
             Slain by a gnoll sergeant
             ... wielding a +1 heavy trident
              (13 damage)
             ... on level 8 of the Dungeon.
             The game lasted 00:13:53 (7404 turns).

lonewolfV2 the Cleaver (Formicid Fighter)           Turns: 7404, Time: 00:13:53

Health: 0/83       AC: 14    Str: 22    XL:     10   Next: 99%
Magic:  10/10      EV:  8    Int:  9    God:    Jiyva [*****.]
Gold:   306        SH:  7    Dex: 15    Spells: 9/9 levels left

rFire   . . .        s - +1 battleaxe
rCold   + . .        c - +1 buckler
rNeg    . . .        h - +3 chain mail {Will+}
rPois   .            (helmet unavailable)
rElec   .            (no cloak)
rCorr   +            (no gloves)
SInv    +            (no boots)
Will    ++...        (no amulet) Stlth
                     f - +4 ring of slaying
HPRegen 1.77/turn    (no ring)
MPRegen 0.57/turn

%: no passive effects
@: no status effects
A: permanent stasis, dig shafts and tunnels, antennae 3, four strong arms,
hooves 1, cold resistance 1, evolution 2, jelly sensing items
a: Dig, Shaft Self, Renounce Religion, Oozemancy, Slimify


You were on level 8 of the Dungeon.
You worshipped Jiyva.
Jiyva was extremely pleased with you.
You visited 1 branch of the dungeon, and saw 8 of its levels.
You also visited: Sewer and Bailey.

You collected 462 gold pieces.
You spent 156 gold pieces at shops.

Inventory:

Hand Weapons
 a - a +1 war axe
 s - a +1 battleaxe (weapon)
Armour
 b - a +0 scale mail
 c - a +1 buckler (worn)
 h - a +3 chain mail of willpower (worn)
Jewellery
 f - a +4 ring of slaying (left hand)
Wands
 d - a wand of iceblast (3)
Scrolls
 g - a scroll of silence
 k - 2 scrolls of enchant armour
 l - a scroll of fog
 o - 2 scrolls of fear
 u - a scroll of noise
Potions
 e - 8 potions of brilliance
 i - a potion of flight
 j - 3 potions of cancellation


   Skills:
 - Level 9.0 Fighting
 - Level 10.0 Axes
 + Level 8.3 Armour
 * Level 9.4 Shields


You had 9 spell levels left.
You didn't know any spells.
Your spell library contained the following spells:

 Spells                   Type           Power      Damage    Failure   Level
 Foxfire                  Conj/Fire      0%         2x1d4     94%         1
 Stone Arrow              Conj/Erth      0%         3d7       100%        3
 Animate Armour           Summ/Erth      0%         N/A       100%        4
 Fireball                 Conj/Fire      0%         3d3       100%        5
 Plasma Beam              Fire/Air       0%         2x1d11    100%        6
 Starburst                Conj/Fire      0%         6d3       100%        6
 Lehudib's Crystal Spear  Conj/Erth      0%         10d2      100%        8


Dungeon Overview and Level Annotations

Branches:
Dungeon (8/15)             Temple (0/1) D:5           Sewer (visited)
 Bailey (visited)
   Lair: D:8-11

Altars:
Ashenzari
Gozag
Okawaru
Ru
Sif Muna
Trog
Wu Jian
Xom
Zin

Shops:
D:6 (


Innate Abilities, Weirdness & Mutations

You cannot be hasted, slowed, berserked, paralysed or teleported.
You can dig through walls and to a lower floor.
You have a pair of large antennae on your head. (SInv)
Your four strong arms can wield two-handed weapons with a shield.
You have large cloven feet.
Your flesh is cold resistant. (rC+)
You have great hidden genetic potential.
You have a small jelly attached to you that senses nearby items.


Message History

A gnoll sergeant comes into view. It is wielding a +1 heavy trident.
The two-headed ogre hits you with a +0 giant spiked club.
The two-headed ogre hits you but does no damage.
The gnoll sergeant shouts!
You slash the two-headed ogre!
The two-headed ogre is moderately wounded.
You hear a shout!
You block the two-headed ogre's attack.
The two-headed ogre hits you but does no damage.
You hit the two-headed ogre.
The two-headed ogre is heavily wounded.
A gnoll comes into view.
It is wielding a +0 whip and carrying a wand of iceblast (12).
You slash the two-headed ogre! You kick the two-headed ogre.
The two-headed ogre is severely wounded.
The two-headed ogre closely misses you.
The two-headed ogre hits you with a +0 giant spiked club!!
You hit the two-headed ogre. Your kick misses the two-headed ogre.
The two-headed ogre is severely wounded.
The gnoll sergeant hits you from afar with a +1 heavy trident.
You block the two-headed ogre's attack. The two-headed ogre barely misses you.
A gnoll comes into view.
It is wielding a +0 flail of protection.
You hit the two-headed ogre. Your kick misses the two-headed ogre.
The two-headed ogre is severely wounded.
The gnoll sergeant barely misses you. You block the two-headed ogre's attack.
The two-headed ogre hits you with a +0 giant spiked club!
You slash the two-headed ogre! Your kick misses the two-headed ogre.
The two-headed ogre is almost dead.
You block the gnoll sergeant's attack.
The two-headed ogre hits you with a +0 giant spiked club! x2
* * * LOW HITPOINT WARNING * * *
You closely miss the two-headed ogre.
The two-headed ogre is almost dead.
You block the gnoll sergeant's attack.
You slice the two-headed ogre!!
You kill the two-headed ogre!
The gnoll zaps a wand.
The mass of ice explodes!
The iceblast engulfs you! You partially resist.
* * * LOW HITPOINT WARNING * * *
The gnoll sergeant hits you from afar with a +1 heavy trident!
You die...

##.......#
###....##
##..##
##..##
##..##
##..## {
##..##
##..## {
##)@##
#g)##
......gg##
.:.....##
......#
.....#
....# ....
###


You could see a gnoll sergeant and 2 gnolls.

Vanquished Creatures
  2 two-headed ogres (D:8)
  A gargoyle (Bailey)
  Sigmund (D:6)
  A vampire (Bailey)
  5 yaks (D:6)
  A steam dragon (D:7)
  A water moccasin (D:5)
  6 black bears
  2 ice beasts
  3 ogres
  A phantom (D:5)
  A kobold brigand (D:7)
  4 bullfrogs
  3 gnoll sergeants
  3 scorpions (D:5)
  4 wights (D:8)
  8 vampire bats (Bailey)
  2 wolf zombies (Bailey)
  3 hounds
  3 jellies (Sewer)
  3 orc priests
  6 iguanas
  A sleepcap (D:5)
  3 orc wizards
  Robin (D:4)
  7 adders
  15 gnolls
  A white imp (D:8)
  2 ufetubi
  4 worms
  2 dart slugs
  22 orcs
  18 endoplasms
  11 giant cockroaches
  22 goblins
  7 hobgoblins
  11 jackals
  4 quokkas
  9 ball pythons
  11 bats
  8 frilled lizards
  14 kobolds
  22 orc zombies (Bailey)
  11 rats
270 creatures vanquished.

Vanquished Creatures (others)
  A bullfrog (D:7)
  20 jellies
  A wolf zombie (Bailey)
  A hound (D:6)
  2 orc priests (D:5)
  2 orc wizards
  A gnoll (D:7)
  An adder (D:6)
  9 orcs
  5 endoplasms
  A goblin (D:4)
  A hobgoblin (D:3)
  5 kobolds
  2 orc zombies (Bailey)
  A rat (D:3)
53 creatures vanquished.

Grand Total: 323 creatures vanquished

Notes
Turn   | Place    | Note
-------+----------+-------------------------------------------
     0 | D:1      | lonewolfV2 the Formicid Fighter began the quest for the
                  | Orb.
     0 | D:1      | Reached XP level 1. HP: 18/18 MP: 1/1
    74 | D:1      | Reached XP level 2. HP: 23/24 MP: 2/2
   346 | D:1      | Reached XP level 3. HP: 26/30 MP: 3/3
   423 | D:1      | Reached skill level 3 in Axes
   877 | D:2      | Reached XP level 4. HP: 26/37 MP: 4/4
  1505 | D:3      | Reached skill level 4 in Axes
  1505 | D:3      | Reached XP level 5. HP: 30/42 MP: 5/5
  1603 | D:3      | Found a glowing drain.
  1629 | Sewer    | Entered a sewer
  1864 | Sewer    | Reached skill level 5 in Fighting
  1864 | Sewer    | Reached XP level 6. HP: 46/51 MP: 6/6
  1928 | Sewer    | Reached skill level 5 in Axes
  1986 | Sewer    | Found a viscous altar of Jiyva.
  2069 | Sewer    | Became a worshipper of Jiyva Juevin the Shapeless
  2750 | D:4      | Reached XP level 7. HP: 44/57 MP: 7/7
  2997 | D:4      | Reached * piety under Jiyva
  3123 | D:4      | Found an iron altar of Okawaru.
  3142 | D:4      | Reached skill level 6 in Axes
  3383 | D:4      | Noticed Robin
  3392 | D:4      | Killed Robin
  3664 | D:5      | Entered Level 5 of the Dungeon
  3707 | D:5      | Reached ** piety under Jiyva
  3753 | D:5      | Reached XP level 8. HP: 61/65 MP: 8/8
  3880 | D:5      | Reached skill level 7 in Axes
  3940 | D:5      | Found a staircase to the Ecumenical Temple.
  4190 | D:5      | Found an opulent altar of Gozag.
  4563 | D:5      | Reached *** piety under Jiyva
  4643 | D:5      | Gained mutation: You have large cloven feet. [Jiyva's
                  | grace]
  4643 | D:5      | Gained mutation: You have hoof-like feet. [Jiyva's grace]
  4643 | D:5      | Gained mutation: You have hooves in place of feet. [Jiyva's
                  | grace]
  4643 | D:5      | Gained mutation: Your muscles are strong. (Str +4, Int/Dex
                  | -1) [Jiyva's grace]
  4767 | D:5      | Reached XP level 9. HP: 75/75 MP: 9/9
  5086 | D:6      | Noticed Sigmund
  5094 | D:6      | Killed Sigmund
  5095 | D:6      | Reached skill level 8 in Axes
  5117 | D:6      | Found Keokoin's Antique Weapon Boutique.
  5129 | D:6      | Bought a battleaxe for 156 gold pieces
  5400 | D:6      | Reached skill level 9 in Axes
  5511 | D:6      | Reached skill level 5 in Armour
  5511 | D:6      | Reached skill level 5 in Shields
  5548 | D:6      | Reached **** piety under Jiyva
  5909 | D:7      | Reached XP level 10. HP: 80/83 MP: 10/10
  5923 | D:7      | Found a flagged portal.
  5939 | Bailey   | Entered a bailey
  6014 | Bailey   | Noticed a gargoyle
  6021 | Bailey   | Killed a gargoyle
  6088 | Bailey   | HP: 2/83 [vampire/+1 vampiric halberd (9)]
  6175 | Bailey   | Identified the +5 plate armour of Resonance {+Blink Str+4}
  6302 | Bailey   | Identified the +1 robe "Beujas" {rCorr Slay+2}
  6400 | D:7      | Reached skill level 10 in Axes
  6430 | D:7      | Found a broken altar of Ashenzari.
  6600 | D:7      | Lost mutation: You have hooves in place of feet. [Jiyva's
                  | grace]
  6600 | D:7      | Lost mutation: You have hoof-like feet. [Jiyva's grace]
  6600 | D:7      | Lost mutation: Your muscles are strong. (Str +4, Int/Dex
                  | -1) [Jiyva's grace]
  6600 | D:7      | Gained mutation: You have a small jelly attached to you
                  | that senses nearby items. [Jiyva's grace]
  6600 | D:7      | Gained mutation: You have hidden genetic potential.
                  | [Jiyva's grace]
  6600 | D:7      | Gained mutation: You have great hidden genetic potential.
                  | [Jiyva's grace]
  6600 | D:7      | Gained mutation: Your flesh is cold resistant. (rC+)
                  | [Jiyva's grace]
  6664 | D:7      | Reached ***** piety under Jiyva
  7012 | D:8      | Found a glowing silver altar of Zin.
  7015 | D:8      | Found a shimmering blue altar of Sif Muna.
  7015 | D:8      | Found a sacrificial altar of Ru.
  7016 | D:8      | Found a shimmering altar of Xom.
  7017 | D:8      | Found an ornate altar of the Wu Jian Council.
  7033 | D:8      | Found a bloodstained altar of Trog.
  7126 | D:8      | Noticed a two-headed ogre
  7139 | D:8      | Killed a two-headed ogre
  7388 | D:8      | Noticed a two-headed ogre
  7404 | D:8      | Killed a two-headed ogre
  7404 | D:8      | Slain by a gnoll sergeant

Illustrated notes

Levels and vault maps discovered:
D:1:      ncdulo_smallfort, layout_loops_cross, moated_statue,
          wander_ebering_terrifying_dragon_lair
D:2:      layout_basic, chequers_serial_rivers_marsh
D:3:      layout_loops_ring, gup_sewer_entry_glass,
          chequers_serial_rivers_micro_b, lexackson_kobold_supper
D:4:      kennysheep_goblin_castle, layout_loops_ring, amcnicky_altar_gilded
D:5:      layout_basic, mainiacjoe_overflow_tiny_flanked,
          minmay_temple_entry_arrows
D:6:      layout_cave_pods, serial_shops, nicolae_shop_overgrown_old_shop,
          uniq_sigmund
D:7:      layout_loops_ring, mainiacjoe_overflow_alcove_1, enter_bailey_4,
          dk_vineyard_3
D:8:      layout_cave_pods, grunt_dithmenos_shadows, trog_ov_bears_minmay,
          minitemple

Skill      XL: |  1  2  3  4  5  6  7  8  9 10 |
---------------+-------------------------------+-----
Axes           | 3 4 5 6 7 9 10 | 10.0
Fighting       | 4 5 6 8 9 |  9.0
Armour         | 5 8 |  8.3
Shields        | 5 9 |  9.4

Action                     |  1- 3 |  4- 6 |  7- 9 | 10-12 || total
---------------------------+-------+-------+-------+-------++-------
  Melee: War axe           |    86 |   152 |   104 |       ||   342
         Kick              |       |       |    13 |    43 ||    56
         Battleaxe         |       |       |    37 |   167 ||   204
  Evoke: Wand              |       |       |       |    11 ||    11
    Use: Scroll            |     5 |     2 |     8 |       ||    15
         Potion            |       |       |     3 |     5 ||     8
 Armour: Scale mail        |    61 |    58 |    70 |    38 ||   227
         Chain mail        |       |       |       |    37 ||    37
  Dodge: Dodged            |    45 |    66 |    80 |   115 ||   306
  Block: Buckler           |    29 |    45 |    57 |    78 ||   209
